 Dungeon Crawl Stone Soup version 0.28-a0-2-g643f2454ad (webtiles) character file.

Game seed: 14603414968478665229

28 Sin92 the Skirmisher (level 3, -1/29 HPs)
             Began as a Demonspawn Fighter on July 22, 2021.
             Killed from afar by Sigmund (3 damage)
             ... with a magic dart
             ... on level 2 of the Dungeon.
             The game lasted 00:00:51 (1319 turns).

Sin92 the Skirmisher (Demonspawn Fighter)           Turns: 1319, Time: 00:00:51

Health: -1/29      AC:  6    Str: 16    XL:     3   Next: 0%
Magic:  3/3        EV:  7    Int:  9    God:
Gold:   34         SH:  8    Dex: 13    Spells: 2/2 levels left

rFire   . . .      SeeInvis .   a - +0 trident
rCold   . . .      Faith    .   c - +0 kite shield
rNeg    . . .      Spirit   .   b - +0 scale mail
rPois   .          Reflect  .   (helmet restricted)
rElec   .          Harm     .   (no cloak)
rCorr   .          Rampage  .   (no gloves)
Will    .....                   (no boots)
Stlth   ..........              (no amulet)
HPRegen 0.09/turn               (no ring)
MPRegen 0.08/turn               (no ring)

@: no status effects
A: antennae 1, foul stench 1
a: no special abilities


You were on level 2 of the Dungeon.
You visited 1 branch of the dungeon, and saw 2 of its levels.

You collected 34 gold pieces.

Inventory:

Hand Weapons
 a - a +0 trident (weapon)
Armour
 b - a +0 scale mail (worn)
 c - a +0 kite shield (worn)
Jewellery
 j - a ring of ice
Scrolls
 g - a scroll of fog
Potions
 d - a potion of might
 e - a potion of brilliance {unknown}
 i - a potion of resistance


   Skills:
 + Level 3.2 Fighting
 * Level 2.3 Polearms
 + Level 2.9 Armour
 + Level 0.8 Dodging
 + Level 2.9 Shields


You had 2 spell levels left.
You didn't know any spells.
Your spell library was empty.

Dungeon Overview and Level Annotations

Branches:
Dungeon (2/15)

Altars:

Annotations:
D:2 Sigmund


Innate Abilities, Weirdness & Mutations

You have a pair of small antennae on your head.
You may rarely emit foul miasma when damaged in melee.


Message History

No target in view!
Unknown command.
No target in view!
Unknown command.
No target in view!
Unknown command.
Something hits you but does no damage.
Found a scale mail.
You miss something. You block something's attack.
You puncture something!
You hear some strange, mumbled words.
You are confused.
Something completely misses you. Something hits you. Something hits you.
Something hits you.
Unknown command.
You feel less confused. Something hits you.
You miss something. You block something's attack.
You miss something. Something hits you but does no damage.
You miss something. You block something's attack. Something hits you!
You miss something. Something hits you.
* * * LOW HITPOINT WARNING * * *
You barely miss something.
You hear some strange, mumbled words.
A magic dart appears from out of thin air!
The magic dart hits you.
* * * LOW HITPOINT WARNING * * *
Something hits you but does no damage.
You closely miss something. Something hits you but does no damage.
You barely miss something.
Something hits you but does no damage. x2
Unknown command.
You puncture something! You block something's attack.
You closely miss something. Something hits you but does no damage.
You closely miss something. Something hits you but does no damage.
You hear some strange, mumbled words.
A magic dart appears from out of thin air!
The magic dart hits you.
You die...

#. #.#.##.....++ #.
#.#.##.....+ #.
#.#.##.....+ ####
#.###)...#.....+ ....
.............#.+
###...####.###...###..#..
.........#>####.## #.#.##
#...##.....##.#........
#.[..@{...............
####.......###.##.###.
#.......# .# #.......# #
###..$### #...# ###.# #.#


There were no monsters in sight!

Vanquished Creatures
  3 dart slugs (D:1)
  3 ball pythons (D:1)
  2 endoplasms (D:1)
  A goblin (D:1)
  5 hobgoblins
  A quokka (D:1)
  4 frilled lizards
  2 rats (D:1)
21 creatures vanquished.

Notes
Turn   | Place    | Note
-------+----------+-------------------------------------------
     0 | D:1      | Sin92 the Demonspawn Fighter began the quest for the Orb.
     0 | D:1      | Reached XP level 1. HP: 18/18 MP: 1/1
   270 | D:1      | Gained mutation: You have a pair of small antennae on your
                  | head. [demonic ancestry]
   270 | D:1      | Reached XP level 2. HP: 18/24 MP: 2/2
  1287 | D:2      | Gained mutation: You may rarely emit foul miasma when
                  | damaged in melee. [demonic ancestry]
  1287 | D:2      | Reached XP level 3. HP: 29/29 MP: 3/3
  1295 | D:2      | Noticed Sigmund
  1319 | D:2      | Killed from afar by Sigmund

Illustrated notes

Levels and vault maps discovered:
D:1:      minmay_arrival_three_doors, layout_basic,
          ebering_dispersal_statue_hall
D:2:      layout_loops_ring, hellmonk_ecumenical_altar_heavens_door,
          uniq_sigmund

Skill      XL: |  1 |
---------------+----+-----
Polearms       | 2 |  2.3
Fighting       | |  3.2
Armour         | |  2.9
Dodging        | |  0.8
Shields        | |  2.9

Action                   || total
-------------------------++-------
Melee: Trident           ||    79
  Use: Scroll            ||     3
Armor: Scale mail        ||    31
Dodge: Dodged            ||     9
Block: Kite shield       ||    16

Table legend: (Time is in decaauts)
 A = Elapsed time spent in this place.
 B = Non-inter-level travel time spent in this place.
 C = Inter-level travel time spent in this place.
 D = Time resting spent in this place.
 E = Time spent auto-exploring this place.
 F = Levels seen in this place.
 G = Mean time per level.
                   A        B        C        D        E       F      G
               +--------+--------+--------+--------+--------+-----+--------+
         Total |   1352 |   1337 |     15 |      0 |   1162 |   2 |  676.0 |
       Dungeon |   1352 |   1337 |     15 |      0 |   1162 |   2 |  676.0 |
               +--------+--------+--------+--------+--------+-----+--------+

Top non-repeatable levels by time:
     D:1: 1304 daAuts
     D:2: 48 daAuts
